 Dungeon Crawl Stone Soup version 0.16.1 (webtiles) character file.

4433 Ladykiller69 the Transmogrifier (level 9, -7/78 HPs)
             Began as a Demigod Transmuter on Mar 23, 2015.
             Killed by the air
             ... invoked by Gastronok
              (41 damage)
             ... on level 10 of the Dungeon.
             The game lasted 00:51:23 (9339 turns).

Ladykiller69 the Transmogrifier (DgTm)              Turns: 9339, Time: 00:51:23

Health: -7/78      AC:  5    Str: 21    XL:     9   Next: 92%
Magic:  22/22      EV: 18    Int: 17    God:
Gold:   632        SH:  0    Dex: 22    Spells: 5 memorised, 2 levels left

rFire  . . .     SeeInvis .       - Unarmed
rCold  . . .     Clarity  +     F - +2 robe {Archmagi}
rNeg   . . .     SustAb   +     (no shield)
rPois  .         Gourm    +     A - +0 helmet
rElec  .         Spirit   .     (no cloak)
rCorr  .         Warding  .     (no gloves)
rMut   .         Stasis   .     (no boots)
MR     .....                    h - amulet of the gourmand
Stlth  ++........               s - +4 ring of strength
                                R - +4 ring of strength

@: not resistant to hostile enchantments, unstealthy
A: clarity, robust 1, wild magic 1, sustain abilities
a: no special abilities


You were on level 10 of the Dungeon.
You were full.

You visited 1 branch of the dungeon, and saw 10 of its levels.

You collected 632 gold pieces.

Inventory:

Hand weapons
 i - a +0 dagger of electrocution
 C - a +0 antimagic flail
Missiles
 b - 76 arrows
 c - 3 arrows of frost
 S - 13 poisoned arrows
 V - 7 arrows of flame
Armour
 A - a +0 helmet (worn)
 F - a +2 robe of the Archmagi (worn)
Magical staves
 W - an uncursed staff of energy
Jewellery
 h - an amulet of the gourmand (around neck)
 p - a cursed ring of teleportation
 s - a +4 ring of strength (right hand)
 R - a +4 ring of strength (left hand)
 U - an uncursed ring of ice
 Z - an uncursed ring of positive energy
Magical devices
 g - a wand of draining (7)
 y - a wand of slowing (0)
 T - a wand of slowing (10)
Scrolls
 o - a scroll of identify
 r - a scroll of fear {unknown}
 u - 7 scrolls of teleportation
 v - a scroll of blinking {unknown}
 w - 2 scrolls of immolation {unknown}
 H - 2 scrolls of remove curse
 I - a scroll of enchant armour {unknown}
 J - 2 scrolls of recharging {unknown}
 L - 2 scrolls of enchant weapon {unknown}
 N - 2 scrolls of magic mapping
 Q - a scroll of silence {unknown}
 X - a scroll of vulnerability {unknown}
 Y - a scroll of summoning {unknown}
Potions
 e - 2 potions of cure mutation
 k - 2 potions of might
 m - a potion of mutation
 q - 3 potions of agility
 t - 2 potions of heal wounds
 x - a potion of cancellation
 z - 2 potions of flight
 G - a potion of brilliance {unknown}
 O - a potion of invisibility {unknown}
 P - 2 potions of curing
Books
 d - a book of Changes

   Spells                             Type                      Level
   a - Beastly Appendage              Transmutation                1
   b - Sticks to Snakes               Transmutation                2
   c - Spider Form                    Transmutation/Poison         3
   d - Ice Form                       Ice/Transmutation            4
   e - Blade Hands                    Transmutation                5
 j - a book of Necromancy

   Spells                             Type                      Level
   a - Pain                           Necromancy                   1
   b - Animate Skeleton               Necromancy                   1
   c - Vampiric Draining              Necromancy                   3
   d - Regeneration                   Charms/Necromancy            3
   e - Animate Dead                   Necromancy                   4
   f - Control Undead                 Necromancy                   4
 n - a book of Flames

   Spells                             Type                      Level
   a - Flame Tongue                   Conjuration/Fire             1
   b - Throw Flame                    Conjuration/Fire             2
   c - Conjure Flame                  Conjuration/Fire             3
   d - Inner Flame                    Hexes/Fire                   3
   e - Sticky Flame                   Conjuration/Fire             4
   f - Fireball                       Conjuration/Fire             5
Comestibles
 a - 8 bread rations
 f - 4 slices of pizza
 B - 2 meat rations
 D - a beef jerky
 M - 3 fruits


   Skills:
 - Level 4.0 Fighting
 + Level 6.9 Dodging
 * Level 8.4 Unarmed Combat
 - Level 4.0 Spellcasting
 + Level 8.5 Transmutations
 - Level 2.0 Poison Magic


You had 2 spell levels left.
You knew the following spells:

 Your Spells              Type           Power        Failure   Level  Hunger
a - Beastly Appendage     Trmt           ######       2%          1    None
b - Sticks to Snakes      Trmt           ######....   3%          2    ##.....
c - Spider Form           Trmt/Pois      #####.....   16%         3    ###....
d - Regeneration          Chrm/Necr      #.........   63%         3    ###....
e - Blade Hands           Trmt           ######....   26%         5    ######.


Dungeon Overview and Level Annotations

Branches:
Dungeon (10/15)            Temple (0/1) D:6
   Lair: D:8-11         Orc: D:9-12

Shops:
D:7 [

Annotations:
D:10 Gastronok


Innate Abilities, Weirdness & Mutations

Your attributes are resistant to harm.
You possess an exceptional clarity of mind.
You are robust (+10% HP).
Your spells are a little harder to cast, but a little more powerful.


Message History

s - a +4 ring of strength (right hand)
Found a scroll labeled PAUMNOYXT.
Gastronok the Ponderous comes into view.
Gastronok gurgles horribly!
A shadow imp comes into view.
A hill giant comes into view. It is wielding a giant club.
The hill giant shouts!
The shadow imp shouts, "Embrace thy fall, thou ducking nose-picking simpleton!"
You hit the shadow imp.
The shadow imp is moderately wounded.
The shadow imp closely misses you.
The shadow imp disappears for a moment.
The shadow imp gestures at you. Pain shoots through your body!
Gastronok waves his eye-stalks in wide circles.
The air twists around and strikes you!
Gastronok waves his eye-stalks in wide circles.
The air twists around and strikes you!
Ouch! That really hurt!
You die...

..,,* *,**,,**.* *****,**** .#***
*,*#..##.********,8,,∩,,8,
.#######.##..#*.#*,,,,,,,,,,,*,,,
.............##.##,#**********,**
...######....#...#.# *,*
...............#.#.# *,*
......##.....#.....***********,*
#.#............#.#,,,,,,,,,,,,,*
#.###...........@#,*************
#.########w....##....# ******
...........>##5#*....# *<,,,*
#.############.#*....# ****,*
#....,,,,,,,*#C#*#.###******,*
#.....****,**#.#*,..,,,,,,**,*
.....## *,* #.#*,...,,,,,**,*
#.#### *,* #.#*,...,,,,,**,*
#.#**** *,**#.#*,,,,,,,,,**,*


You could see Gastronok.

Vanquished Creatures
  The ghost of Greenwood the Charlatan, an experienced SpTm (D:6)
  Prince Ribbit (D:8)
  A hungry ghost (D:7)
  Eustachio (D:8)
  A hippogriff (D:7)
  Edmund (D:4)
  2 orc warriors (D:8)
  5 sky beasts
  3 ogres
  2 centaurs (D:9)
  An ice beast (D:10)
  2 phantoms
  A crocodile (D:10)
  Sigmund (D:4)
  Duvessa (D:4)
  A big kobold (D:9)
  2 giant frogs
  A scorpion (D:8)
  A killer bee (D:7)
  2 centaur zombies (D:6)
  Dowan (D:4)
  A giant frog zombie (D:10)
  3 goliath beetles
  3 jellies
  3 hounds
  3 orc priests
  2 crimson imps
  6 orc wizards
  7 worker ants
  2 iguanas
  A killer bee zombie (D:6)
  A sky beast zombie (D:5)
  A hound skeleton (D:8)
  A mummy (D:8)
  A worker ant zombie (D:6)
  8 gnolls
  10 adders
  3 shadow imps
  2 giant mites
  A worm (D:2)
  2 adder zombies (D:6)
  4 giant geckos
  2 oozes
  31 orcs
  16 bats
  A bat skeleton (D:6)
  A bat zombie (D:6)
  8 giant cockroaches
  12 hobgoblins
  10 jackals
  6 quokkas
  4 giant newts
  14 goblins
  17 kobolds
  10 rats
  A ballistomycete (D:6)
230 creatures vanquished.

Vanquished Creatures (collateral kills)
  A centaur (D:6)
  5 killer bees
6 creatures vanquished.

Vanquished Creatures (others)
  A giant spore (D:6)
1 creature vanquished.

Grand Total: 237 creatures vanquished

Notes
Turn   | Place    | Note
--------------------------------------------------------------
     0 | D:1      | Ladykiller69, the Demigod Transmuter, began the quest for the Orb.
     0 | D:1      | Reached XP level 1. HP: 15/15 MP: 3/3
   180 | D:1      | Reached skill level 1 in Fighting
   394 | D:1      | Reached XP level 2. HP: 23/23 MP: 2/4
   447 | D:1      | Reached skill level 3 in Unarmed Combat
   853 | D:2      | Learned a level 2 spell: Sticks to Snakes
   929 | D:2      | Reached XP level 3. HP: 28/28 MP: 5/7
  1036 | D:2      | Found a deep blue altar of Sif Muna.
  1204 | D:1      | Reached skill level 4 in Dodging
  1204 | D:1      | Reached skill level 5 in Unarmed Combat
  1204 | D:1      | Reached skill level 6 in Transmutations
  1204 | D:1      | Reached XP level 4. HP: 26/40 MP: 9/13
  1244 | D:1      | Learned a level 3 spell: Spider Form
  1718 | D:2      | Found a stormy altar of Qazlal.
  1868 | D:3      | Learned a level 3 spell: Regeneration
  2036 | D:3      | Found a shattered altar of Ashenzari.
  2144 | D:3      | Found a shadowy altar of Dithmenos.
  2161 | D:3      | Reached XP level 5. HP: 40/46 MP: 16/16
  2383 | D:4      | Noticed Sigmund
  2385 | D:4      | Noticed Dowan
  2394 | D:4      | Gained mutation: Your spells are a little harder to cast, but a little more powerful. [potion of mutation]
  2394 | D:4      | Gained mutation: You are robust (+10% HP). [potion of mutation]
  2394 | D:4      | Gained mutation: You possess an exceptional clarity of mind. [potion of mutation]
  3055 | D:3      | Reached skill level 1 in Poison Magic
  3266 | D:4      | Noticed Edmund
  3287 | D:4      | Killed Edmund
  3287 | D:4      | Reached XP level 6. HP: 31/57 MP: 16/18
  3488 | D:4      | Noticed a phantom
  3504 | D:4      | Killed a phantom
  3760 | D:5      | Entered Level 5 of the Dungeon
  3830 | D:4      | Noticed an ogre
  3850 | D:4      | Killed an ogre
  3850 | D:4      | Reached XP level 7. HP: 61/64 MP: 17/20
  4017 | D:4      | Reached skill level 7 in Transmutations
  4031 | D:4      | Noticed Duvessa
  4039 | D:4      | Killed Duvessa
  4047 | D:4      | Killed Dowan
  4047 | D:4      | Reached skill level 5 in Dodging
  4222 | D:4      | Found a sparkling altar of Nemelex Xobeh.
  4428 | D:4      | Killed Sigmund
  4948 | D:5      | Found a blossoming altar of Fedhas.
  5202 | D:5      | Reached XP level 8. HP: 58/72 MP: 18/21
  6108 | D:6      | Found a stormy altar of Qazlal.
  6201 | D:6      | Found a staircase to the Ecumenical Temple.
  6328 | D:6      | Noticed Greenwood's ghost (experienced SpTm)
  6362 | D:6      | Killed Greenwood's ghost
  6556 | D:7      | Found a burning altar of Makhleb.
  6776 | D:7      | Found Geusihu's Antique Armour Emporium.
  6785 | D:7      | Found an opulent altar of Gozag.
  6799 | D:7      | Reached XP level 9. HP: 78/78 MP: 19/22
  6827 | D:7      | Found a shimmering altar of Xom.
  7337 | D:8      | Reached skill level 8 in Transmutations
  7537 | D:8      | Learned a level 5 spell: Blade Hands
  7571 | D:8      | Found a sacrificial altar of Ru.
  7721 | D:8      | Noticed Prince Ribbit
  7744 | D:8      | Killed Prince Ribbit
  7877 | D:9      | Noticed Eustachio
  7887 | D:8      | Killed Eustachio
  8060 | D:9      | Found a white marble altar of Elyvilon.
  8897 | D:10     | Entered Level 10 of the Dungeon
  9299 | D:10     | Noticed Gastronok
  9327 | D:10     | Noticed a hill giant
  9339 | D:10     | Killed from afar by Gastronok

Action                   |  1- 3 |  4- 6 |  7- 9 || total
-------------------------+-------+-------+-------++-------
Melee: Unarmed           |    85 |   167 |   616 ||   868
 Cast: Beastly Appendage |    18 |    19 |    15 ||    52
       Spider Form       |       |     3 |    20 ||    23
       Sticks to Snakes  |       |       |     5 ||     5
 Abil: End Transformatio |       |       |     2 ||     2
  Use: Scroll            |     3 |       |     9 ||    12
       Potion            |     1 |     1 |       ||     2
 Stab: Sleeping          |       |     2 |     8 ||    10
       Paralysed         |       |       |     1 ||     1
  Eat: Chunk             |     1 |    10 |    27 ||    38
